AoeStats
← Dragonhell0106

Arabia

510233501Analyzed
1v1 RM · 1d ago on Sep 30, 2026· 50m 57s· 2 players
Game mode
Random Map
Map size
Tiny (2 player)
Population
200
Speed
Normal
Resources
Standard
Victory
Conquest
Starting age
Dark Age
Ending age
Imperial Age
RankedLock teamsTeams togetherTeam positionsShared explorationLock speedFull tech treeHidden civsTurbo modeCheats
Victory
Defeat
🇨🇴 Persians · Colombia
670
+10
🇺🇸 Byzantines · United States
533
-17
CPN marshmallow
30:34 Feudal Age
40:12 Castle Age
Dragonhell0106
4:41 Loom
21:35 Feudal Age
24:44 Double-Bit Axe
26:47 Horse Collar
32:25 Castle Age
30:38 Gold Mining
31:25 Scale Barding Armor
31:54 Stone Mining
34:38 Gold Shaft Mining
34:27 Fletching
46:03 Bow Saw
50:02 Imperial Age
49:39 Spies/Treason
Connection lost

Rejoining the realm…

Still unreachable

The connection could not be restored.

Session expired

The server has moved on; the page needs a fresh start.